 Dungeon Crawl Stone Soup version 0.29-a0-495-g17b79114eb (webtiles) character file.

Game seed: 9860266204917525766

51 hquester the Shield-Bearer (level 3, 0/37 HPs)
             Began as a Troll Fighter on May 27, 2022.
             Slain by a gnoll
             ... wielding a +0 halberd
              (2 damage)
             ... on level 2 of the Dungeon.
             The game lasted 00:02:14 (833 turns).

hquester the Shield-Bearer (Troll Fighter)           Turns: 833, Time: 00:02:14

Health: 0/37       AC:  4    Str: 24    XL:     3   Next: 57%
Magic:  2/2        EV:  9    Int:  4    God:
Gold:   62         SH:  7    Dex: 11    Spells: 2/2 levels left

rFire   . . .      SeeInvis .     - Unarmed
rCold   . . .      Faith    .   b - +0 kite shield
rNeg    . . .      Spirit   .   a - +0 robe
rPois   .          Reflect  .   (helmet restricted)
rElec   .          Harm     .   (no cloak)
rCorr   .          Rampage  .   (gloves unavailable)
Will    .....                   (boots unavailable)
Stlth   +.........              (no amulet)
HPRegen 0.92/turn               (no ring)
MPRegen 0.08/turn               (no ring)

@: no status effects
A: large, unfitting armour, claws 3, regeneration 1, shaggy fur 1, tough skin 1
a: no special abilities


You were on level 2 of the Dungeon.
You visited 1 branch of the dungeon, and saw 2 of its levels.

You collected 62 gold pieces.

Inventory:

Hand Weapons
 g - a +0 mace
Armour
 a - a +0 robe (worn)
 b - a +0 kite shield (worn)
Scrolls
 d - a scroll of teleportation {unknown}
 h - a scroll of identify {unknown}
 j - a scroll of silence {unknown}
 k - a scroll of blinking {unknown}
 l - a scroll of summoning {unknown}
Potions
 c - a potion of might
 e - 2 potions of heal wounds {unknown}
 f - a potion of flight {unknown}
 i - a potion of brilliance {unknown}


   Skills:
 * Level 3.0 Fighting
 + Level 2.7 Dodging
 + Level 3.1 Shields
 + Level 2.5 Unarmed Combat


You had 2 spell levels left.
You didn't know any spells.
Your spell library was empty.

Dungeon Overview and Level Annotations

Branches:
Dungeon (2/15)

Altars:


Innate Abilities, Weirdness & Mutations

You are too large for most types of armour.
You have claws for hands.
Your natural rate of healing is unusually fast.
You are covered in fur. (AC +1)
You have tough skin. (AC +1)


Message History

k - a scroll labelled JAOXZA XAEMN
l - a scroll labelled SYSUETHACRO You see here 5 silver javelins.
A gnoll comes into view.
It is wielding a +2 halberd of freezing.
Found a spear.
The gnoll shouts!
You hear a shout!
A dart slug comes into view.
A gnoll comes into view. It is wielding a +0 falchion.
The gnoll barely misses you.
The gnoll shouts!
The dart slug launches a dart at you. The slug dart hits you.
The gnoll hits you with a +2 halberd of freezing!
The gnoll freezes you.
You claw the gnoll!
The gnoll is severely wounded.
You block the gnoll's attack.
A rat comes into view.
You claw the gnoll!
You kill the gnoll!
A gnoll comes into view. It is wielding a +0 halberd.
Your Fighting skill increases to level 3!
The gnoll shouts!
A quokka comes into view.
The gnoll hits you with a +0 halberd.
Things that are here:
a +2 halberd of freezing; 11 gold pieces; a gnoll corpse You scratch the gnoll.
The gnoll is lightly wounded.
The gnoll hits you with a +0 halberd!
You scratch the gnoll.
The gnoll is severely wounded.
The gnoll throws a stone.
The stone closely misses you. The gnoll hits you with a +0 halberd!
* * * LOW HITPOINT WARNING * * *
You barely miss the gnoll.
The gnoll is severely wounded.
The gnoll throws a stone.
The stone barely misses you. The gnoll hits you with a +0 halberd.
You die...

#............#
#..##........#
#.. #....(...#
#..###.#.#####
##.#.# #
#....#
#..##...##
#).....##
.....##@#
..#..wg.#
.....rg##
....r..
....#.# ##..#.
... .. ## ...


You could see 2 gnolls, a dart slug, a quokka and a rat.

Vanquished Creatures
  A gnoll (D:2)
  An adder (D:2)
  A worm (D:2)
  2 bats (D:1)
  2 endoplasms
  3 giant cockroaches
  4 hobgoblins
  2 quokkas (D:1)
  A ball python (D:1)
  8 kobolds
25 creatures vanquished.

Notes
Turn   | Place    | Note
-------+----------+-------------------------------------------
     0 | D:1      | hquester the Troll Fighter began the quest for the Orb.
     0 | D:1      | Reached XP level 1. HP: 22/22 MP: 0/0
    81 | D:1      | Found a faded altar of an unknown god.
   287 | D:1      | Reached XP level 2. HP: 28/29 MP: 1/1
   734 | D:2      | Reached XP level 3. HP: 36/36 MP: 2/2
   832 | D:2      | HP: 1/37 [gnoll/+0 halberd (13)]
   833 | D:2      | Slain by a gnoll

Illustrated notes

Levels and vault maps discovered:
D:1:      psy_arrival_radial02, layout_basic,
          shapermc_ecumenical_altar_totnotflames, minmay_misc_feat_tower
D:2:      layout_rooms, uniq_crazy_yiuf_cottage, uniq_robin

Skill      XL: |  1  2  3 |
---------------+----------+-----
Shields        | 3 |  3.1
Fighting       | 3 |  3.0
Dodging        | |  2.7
Unarmed Combat | |  2.5

Action                   || total
-------------------------++-------
Melee: Unarmed           ||    68
Armor: Robe              ||    11
Dodge: Dodged            ||    23
Block: Kite shield       ||    19

Table legend: (Time is in decaauts)
 A = Elapsed time spent in this place.
 B = Non-inter-level travel time spent in this place.
 C = Inter-level travel time spent in this place.
 D = Time resting spent in this place.
 E = Time spent auto-exploring this place.
 F = Levels seen in this place.
 G = Mean time per level.
                   A        B        C        D        E       F      G
               +--------+--------+--------+--------+--------+-----+--------+
         Total |    838 |    833 |      5 |      0 |    599 |   2 |  419.0 |
       Dungeon |    838 |    833 |      5 |      0 |    599 |   2 |  419.0 |
               +--------+--------+--------+--------+--------+-----+--------+

Top non-repeatable levels by time:
     D:1: 716 daAuts
     D:2: 122 daAuts
